 Dungeon Crawl Stone Soup version 0.29.1-13-g9f3cf754e1 (webtiles) character file.

Game seed: 6582241419421258222

12 cheesebisquit the Shooter (level 2, -8/25 HPs)
             Began as a Minotaur Hunter on Jan 29, 2023.
             Killed from afar by Terence (12 damage)
             ... with a puff of flame
             ... on level 2 of the Dungeon.
             The game lasted 00:01:06 (441 turns).

cheesebisquit the Shooter (Minotaur Hunter)          Turns: 441, Time: 00:01:06

Health: -8/25      AC:  3    Str: 15    XL:     2   Next: 20%
Magic:  1/1        EV: 12    Int:  6    God:
Gold:   40         SH:  0    Dex: 13    Spells: 1/1 levels left

rFire   . . .      SeeInvis .   a - +0 shortbow
rCold   . . .      Faith    .   (shield currently unavailable)
rNeg    . . .      Spirit   .   c - +0 leather armour
rPois   .          Reflect  .   (helmet restricted)
rElec   .          Harm     .   (no cloak)
rCorr   .          Rampage  .   (no gloves)
Will    .....                   (no boots)
Stlth   +.........              (no amulet)
HPRegen 0.08/turn               (no ring)
MPRegen 0.07/turn               (no ring)

@: no status effects
A: horns 2, retaliatory headbutt
a: no special abilities


You were on level 2 of the Dungeon.
You visited 1 branch of the dungeon, and saw 2 of its levels.

You collected 40 gold pieces.

Inventory:

Hand Weapons
 a - a +0 shortbow (weapon)
Armour
 c - a +0 leather armour (worn)
Jewellery
 d - a +6 ring of intelligence
Scrolls
 b - a scroll of immolation
 f - 2 scrolls of identify {unknown}
Potions
 e - a potion of might {unknown}


   Skills:
 - Level 2.6 Fighting
 + Level 4.8 Ranged Weapons
 - Level 2.3 Dodging
 - Level 0.9 Stealth


You had one spell level left.
You didn't know any spells.
Your spell library was empty.

Dungeon Overview and Level Annotations

Branches:
Dungeon (1/15)

Altars:

Annotations:
D:2 Terence


Innate Abilities, Weirdness & Mutations

You have a pair of horns on your head.
You reflexively headbutt those who attack you in melee.


Message History

There is an open door here.
A frilled lizard comes into view.
You shoot an arrow. The arrow hits the frilled lizard.
You kill the frilled lizard!
No target in view!
Found 4 stones.
You see here 4 stones.
Found a spear.
A sourceless malevolence fills the Dungeon...
You fall into a shaft and drop 1 floor!
The shaft crumbles and collapses.
Found a mace.
Found a faded altar of an unknown god.
An endoplasm comes into view.
You shoot an arrow. The arrow hits the endoplasm.
The endoplasm quivers.
The endoplasm is almost dead.
You shoot an arrow. The arrow hits the endoplasm.
You kill the endoplasm!
f - 2 scrolls labelled BOCZU EFI (gained 1) Terence the Incautious comes into view.
He is wielding a +0 short sword, wearing a +2 scale mail of fire resistance and carrying a wand of flame (21).
Found an escape hatch in the ceiling.
A kobold and 2 gnolls come into view.
The kobold shouts!
The gnoll shouts! x2; You hear a shout!
A gnoll comes into view. It is wielding a +0 whip.
A quokka comes into view.
Terence shouts!
A gnoll comes into view. It is wielding a +0 spear.
Terence drinks a potion.
Terence seems to speed up.
Terence hits you with a +0 short sword.
Terence zaps a wand.
The puff of flame hits you! Terence misses you. The quokka bites you.
Found the Commentary on Battle Magic.
Terence closely misses you.
The quokka bites you but does no damage.
Terence zaps a wand.
The puff of flame misses you.
There is an escape hatch in the ceiling here.
The quokka bites you but does no damage.
The gnoll hits you with a +0 club.
* * * LOW HITPOINT WARNING * * *
Terence zaps a wand.
The puff of flame hits you!
You die...

.. #. #.# #.# #.#
##.#######
#...g@...#
#...@r...#
#..g.K...#
#.####...g....#
#......g........
#####.#.#####....
#.#.# ....#
###########.#..
:...#
............#..#


You could see Terence (fast), 4 gnolls, a quokka and a kobold.

Vanquished Creatures
  3 endoplasms
  A goblin (D:1)
  A quokka (D:1)
  3 ball pythons (D:1)
  A bat (D:1)
  2 frilled lizards (D:1)
  A kobold (D:1)
  A rat (D:1)
13 creatures vanquished.

Notes
Turn   | Place    | Note
-------+----------+-------------------------------------------
     0 | D:1      | cheesebisquit the Minotaur Hunter began the quest for the
                  | Orb.
     0 | D:1      | Reached XP level 1. HP: 18/18 MP: 0/0
   253 | D:1      | Reached XP level 2. HP: 25/25 MP: 1/1
   401 | D:1      | You fall into a shaft and drop 1 floor!
   408 | D:2      | Found a faded altar of an unknown god.
   433 | D:2      | Noticed Terence
   441 | D:2      | Killed from afar by Terence

Illustrated notes

Levels and vault maps discovered:
D:1:      matt_arrival_los_fun, layout_basic
D:2:      layout_basic, dreamdust_ecumenical_altar_statues, uniq_terence

Action                   || total
-------------------------++-------
 Fire: Shortbow          ||    32
Armor: Leather armour    ||     2
Dodge: Dodged            ||     8
